HSSL
RANDALL HS RAIDERS @ BISHOP VEROT HS
04/19/2028
 
TOP OF THE 1ST
Randall HS Raiders batting - Pitching for Bishop Verot HS : RHP Patrick Bland
Pitching: RHP Patrick Bland
Batting: RHB Jesús Salazar 0-0: Swinging Strike
0-1: Ball
1-1: Swinging Strike
1-2: Ball
2-2: Foul Ball, location: 2F
2-2: Ball
3-2: Strikes out swinging
Batting: LHB Buddy Jones 0-0: Called Strike
0-1: Swinging Strike
0-2: Ball
1-2: Ground out 1-3 (Groundball, 15S)
Batting: LHB Robert Wright 0-0: Called Strike
0-1: Called Strike
0-2: Ball
1-2: Strikes out swinging
Top of the 1st over - 0 run(s), 0 hit(s), 0 error(s), 0 left on base; Randall HS 0 - Bishop Verot HS 0
BOTTOM OF THE 1ST
Bishop Verot HS batting - Pitching for Randall HS Raiders : RHP Ronald Baker
Pitching: RHP Ronald Baker
Batting: RHB Rafael Sánchez 0-0: Foul Ball, location: 2F
0-1: Ball
1-1: Foul Ball, location: 2F
1-2: Ball
2-2: Ball
3-2: Foul Ball, location: 2F
3-2: Strikes out looking
Batting: LHB Pedro Padilla 0-0: Called Strike
0-1: Ground out 3-1 (Groundball, 34)
Batting: RHB Mike Harris 0-0: Ball
1-0: Called Strike
1-1: Called Strike
1-2: Foul Ball, location: 2F
1-2: Strikes out swinging
Bottom of the 1st over - 0 run(s), 0 hit(s), 0 error(s), 0 left on base; Randall HS 0 - Bishop Verot HS 0
TOP OF THE 2ND
Randall HS Raiders batting - Pitching for Bishop Verot HS : RHP Patrick Bland
Batting: RHB Flynn Roberts 0-0: Ball
1-0: Ball
2-0: Called Strike
2-1: Ball
3-1: Base on Balls
Batting: LHB José Gonzáles 0-0: Ball
1-0: Ball
2-0: Ball
3-0: Called Strike
3-1: Swinging Strike
3-2: Foul Ball, location: 2F
3-2: Base on Balls
Flynn Roberts to second
Batting: RHB Tom Allen 0-0: Called Strike
0-1: Ball
1-1: Ball
2-1: Swinging Strike
2-2: Foul Ball, location: 2F
2-2: Foul Ball, location: 2F
2-2: Ball
3-2: Foul Ball, location: 2F
3-2: Foul Ball, location: 2F
3-2: Base on Balls
Flynn Roberts to third
José Gonzáles to second
Batting: RHB Brody Sexton 0-0: Fly out, F3 (Popup, 3L)
Batting: RHB Don Ulrich 0-0: Fly out, F4 (Line Drive, 4M)
Batting: RHB Luis Sánchez 0-0: Foul Ball, location: 2F
0-1: Foul Ball, location: 2F
0-2: Ball
1-2: Strikes out looking
Top of the 2nd over - 0 run(s), 0 hit(s), 0 error(s), 3 left on base; Randall HS 0 - Bishop Verot HS 0
BOTTOM OF THE 2ND
Bishop Verot HS batting - Pitching for Randall HS Raiders : RHP Ronald Baker
Batting: LHB Mike MacNamara 0-0: Foul Ball, location: 2F
0-1: Foul Ball, location: 2F
0-2: Strikes out swinging
Batting: RHB Frank Rangel 0-0: Called Strike
0-1: Swinging Strike
0-2: Foul Ball, location: 2F
0-2: Reached on error, E6 (Groundball, 6)
Batting: RHB Brian Bailey 0-0: Called Strike
0-1: Called Strike
0-2: Ball
1-2: Fly out, F8 (Line Drive, 8LD)
Batting: RHB Bill Ford 0-0: Ball
1-0: Foul Ball, location: 2F
1-1: SINGLE (Line Drive, 4D)
Frank Rangel to second
Batting: RHB Steven Bottoms 0-0: Ball
1-0: Ball
2-0: Fly out, F8 (Flyball, 8RM)
Bottom of the 2nd over - 0 run(s), 1 hit(s), 1 error(s), 2 left on base; Randall HS 0 - Bishop Verot HS 0
TOP OF THE 3RD
Randall HS Raiders batting - Pitching for Bishop Verot HS : RHP Patrick Bland
Batting: RHB Jesús Salazar 0-0: Ball
1-0: Called Strike
1-1: Foul Ball, location: 2F
1-2: Foul Ball, location: 2F
1-2: Strikes out swinging
Batting: LHB Buddy Jones 0-0: Foul Ball, location: 2F
0-1: Foul Ball, location: 2F
0-2: Strikes out swinging
Batting: LHB Robert Wright 0-0: Called Strike
0-1: Called Strike
0-2: Foul Ball, location: 2F
0-2: Ball
1-2: Foul Ball, location: 2F
1-2: Strikes out looking
Top of the 3rd over - 0 run(s), 0 hit(s), 0 error(s), 0 left on base; Randall HS 0 - Bishop Verot HS 0
BOTTOM OF THE 3RD
Bishop Verot HS batting - Pitching for Randall HS Raiders : RHP Ronald Baker
Batting: LHB Mitch Morales 0-0: Foul Ball, location: 2F
0-1: Ground out 1-3 (Groundball, 13S)
Batting: RHB Rafael Sánchez 0-0: Swinging Strike
0-1: Ball
1-1: Called Strike
1-2: Strikes out swinging
Batting: LHB Pedro Padilla 0-0: Called Strike
0-1: Ball
1-1: Ball
2-1: Ball
3-1: Base on Balls
Batting: RHB Mike Harris 0-0: Ball
1-0: Called Strike
1-1: Ball
2-1: Called Strike
2-2: Strikes out swinging
Bottom of the 3rd over - 0 run(s), 0 hit(s), 0 error(s), 1 left on base; Randall HS 0 - Bishop Verot HS 0
TOP OF THE 4TH
Randall HS Raiders batting - Pitching for Bishop Verot HS : RHP Patrick Bland
Batting: RHB Flynn Roberts 0-0: Ball
1-0: Called Strike
1-1: Ball
2-1: Swinging Strike
2-2: Strikes out swinging
Batting: LHB José Gonzáles 0-0: Ball
1-0: Called Strike
1-1: Ball
2-1: Foul Ball, location: 2F
2-2: Ball
3-2: Foul Ball, location: 2F
3-2: Base on Balls
Batting: RHB Tom Allen 0-0: Ball
1-0: Ball
2-0: Ball
3-0: Called Strike
3-1: Foul Ball, location: 2F
3-2: Foul Ball, location: 2F
3-2: Fielders Choice at 2nd, 6-4 (Groundball, 6)
Batting: RHB Brody Sexton 0-0: Ball
1-0: Ball
Tom Allen is caught stealing 2nd base
Top of the 4th over - 0 run(s), 0 hit(s), 0 error(s), 0 left on base; Randall HS 0 - Bishop Verot HS 0
BOTTOM OF THE 4TH
Bishop Verot HS batting - Pitching for Randall HS Raiders : RHP Ronald Baker
Batting: LHB Mike MacNamara 0-0: Swinging Strike
0-1: Foul Ball, location: 2F
0-2: Foul Ball, location: 2F
0-2: Fly out, F7 (Flyball, 7)
Batting: RHB Frank Rangel 0-0: Ball
1-0: Ball
2-0: Ball
3-0: Base on Balls
Batting: RHB Brian Bailey 0-0: Ball
Balk!
Frank Rangel to second
1-0: Fly out, F7 (Flyball, 7S)
Batting: RHB Bill Ford 0-0: Called Strike
0-1: Ball
1-1: Fly out, F8 (Flyball, 8LM)
Bottom of the 4th over - 0 run(s), 0 hit(s), 0 error(s), 1 left on base; Randall HS 0 - Bishop Verot HS 0
TOP OF THE 5TH
Randall HS Raiders batting - Pitching for Bishop Verot HS : RHP Patrick Bland
Batting: RHB Brody Sexton 0-0: Ball
1-0: Ball
2-0: Ball
3-0: Called Strike
3-1: Base on Balls
Batting: RHB Don Ulrich 0-0: Ball
1-0: Ball
2-0: Ball
3-0: Base on Balls
Brody Sexton to second
Batting: RHB Luis Sánchez 0-0: Grounds into double play, 6-4-3 (Groundball, 6)
Brody Sexton to third
Batting: RHB Jesús Salazar 0-0: Foul Ball, location: 2F
0-1: Ball
1-1: Foul Ball, location: 2F
1-2: Ball
2-2: Ball
3-2: Base on Balls
Batting: LHB Buddy Jones 0-0: Ball
1-0: Foul Ball, location: 2F
1-1: Called Strike
1-2: Ball
Jesús Salazar is caught stealing 2nd base
Top of the 5th over - 0 run(s), 0 hit(s), 0 error(s), 0 left on base; Randall HS 0 - Bishop Verot HS 0
BOTTOM OF THE 5TH
Bishop Verot HS batting - Pitching for Randall HS Raiders : RHP Ronald Baker
Batting: RHB Steven Bottoms 0-0: Swinging Strike
0-1: Fly out, F8 (Flyball, 89M)
Batting: LHB Mitch Morales 0-0: Called Strike
0-1: Called Strike
0-2: Strikes out swinging, 2-3 out at first.
Batting: RHB Rafael Sánchez 0-0: Ball
1-0: Ball
2-0: Ball
3-0: Called Strike
3-1: Foul Ball, location: 2F
3-2: Foul Ball, location: 2F
3-2: Strikes out looking
Bottom of the 5th over - 0 run(s), 0 hit(s), 0 error(s), 0 left on base; Randall HS 0 - Bishop Verot HS 0
TOP OF THE 6TH
Randall HS Raiders batting - Pitching for Bishop Verot HS : RHP Patrick Bland
Batting: LHB Buddy Jones 0-0: Ball
1-0: Foul Ball, location: 2F
1-1: Ball
2-1: SINGLE (Groundball, 4MD)
Pitching: RHP Dawson Ball
Batting: LHB Robert Wright 0-0: SINGLE (Line Drive, 4D)
Buddy Jones to second
Batting: RHB Flynn Roberts 0-0: Fielders Choice at 2nd, 4-6 (Groundball, 4)
Buddy Jones to third
Batting: LHB José Gonzáles 0-0: Foul Ball, location: 2F
0-1: Ball
1-1: Ball
2-1: Foul Ball, location: 2F
2-2: Ball
3-2: Strikes out swinging
Flynn Roberts steals 2nd base
Batter strikes out.
Batting: RHB Tom Allen 0-0: Ball
1-0: Ball
2-0: Ground out 6-3 (Groundball, 6)
Top of the 6th over - 0 run(s), 2 hit(s), 0 error(s), 2 left on base; Randall HS 0 - Bishop Verot HS 0
BOTTOM OF THE 6TH
Bishop Verot HS batting - Pitching for Randall HS Raiders : RHP Ronald Baker
Batting: LHB Pedro Padilla 0-0: Ball
1-0: Swinging Strike
1-1: Foul Ball, location: 2F
1-2: Ball
2-2: Strikes out swinging
Batting: RHB Mike Harris 0-0: Called Strike
0-1: Ground out 5-3 (Groundball, 56)
Batting: LHB Mike MacNamara 0-0: Called Strike
0-1: Called Strike
0-2: Ball
1-2: Foul Ball, location: 2F
1-2: Foul Ball, location: 2F
1-2: Ground out 1-3 (Groundball, 13S)
Bottom of the 6th over - 0 run(s), 0 hit(s), 0 error(s), 0 left on base; Randall HS 0 - Bishop Verot HS 0
TOP OF THE 7TH
Randall HS Raiders batting - Pitching for Bishop Verot HS : RHP Dawson Ball
Batting: RHB Brody Sexton 0-0: Called Strike
0-1: Ball
1-1: Ball
2-1: Ball
3-1: Foul Ball, location: 2F
3-2: SINGLE (Groundball, 34D)
Batting: RHB Don Ulrich 0-0: Called Strike
0-1: Ball
1-1: Called Strike
1-2: Foul Ball, location: 2F
1-2: SINGLE (Groundball, 6) (infield hit)
Brody Sexton to second
Pinch Hitting: RHB Mike Connor 0-0: Foul Ball, location: 2F
0-1: Ball
1-1: Ball
2-1: Foul Ball, location: 2F
2-2: Foul Ball, location: 2F
2-2: Foul Ball, location: 2F
2-2: Strikes out looking
Batting: RHB Jesús Salazar 0-0: Ball
1-0: SINGLE (Groundball, 56S) (infield hit)
Brody Sexton to third
Don Ulrich to second
Batting: LHB Buddy Jones 0-0: Ball
1-0: Ball
2-0: Swinging Strike
2-1: Ball
3-1: Base on Balls
Brody Sexton scores
Don Ulrich to third
Jesús Salazar to second
Batting: LHB Robert Wright 0-0: Called Strike
0-1: Foul Ball, location: 2F
0-2: Foul Ball, location: 2F
0-2: Foul Ball, location: 2F
0-2: Foul Ball, location: 2F
0-2: Foul Ball, location: 2F
0-2: Strikes out swinging
Batting: RHB Flynn Roberts 0-0: Foul Ball, location: 2F
0-1: Called Strike
0-2: Ball
1-2: Ball
2-2: Ball
3-2: Foul Ball, location: 2F
3-2: SINGLE (Groundball, 6D)
Don Ulrich scores
Jesús Salazar to third
Buddy Jones to second
Jesús Salazar scores
Buddy Jones to third
Pitching: LHP Jon Hudson
Batting: LHB José Gonzáles 0-0: Called Strike
0-1: Ball
1-1: Called Strike
1-2: Foul Ball, location: 2F
1-2: Ground out 6-3 (Groundball, 6MS)
Top of the 7th over - 3 run(s), 4 hit(s), 0 error(s), 2 left on base; Randall HS 3 - Bishop Verot HS 0
BOTTOM OF THE 7TH
Bishop Verot HS batting - Pitching for Randall HS Raiders : RHP Ronald Baker
Pitching: LHP Stanley Matthews
Now at 3B: Mike Connor
Batting: RHB Frank Rangel 0-0: Ball
1-0: Foul Ball, location: 2F
1-1: Foul Ball, location: 2F
1-2: Ball
2-2: Strikes out looking
Batting: RHB Brian Bailey 0-0: Ball
1-0: Called Strike
1-1: Called Strike
1-2: Foul Ball, location: 2F
1-2: Foul Ball, location: 2F
1-2: Ball
2-2: Strikes out looking
Batting: RHB Bill Ford 0-0: Ball
1-0: Swinging Strike
1-1: Foul Ball, location: 2F
1-2: Ball
2-2: Ball
3-2: Foul Ball, location: 2F
3-2: Foul Ball, location: 2F
3-2: Base on Balls
Batting: RHB Steven Bottoms 0-0: Ball
1-0: Called Strike
1-1: Foul Ball, location: 2F
1-2: Strikes out swinging
Bottom of the 7th over - 0 run(s), 0 hit(s), 0 error(s), 1 left on base; Randall HS 3 - Bishop Verot HS 0
TOP OF THE 8TH
Randall HS Raiders batting - Pitching for Bishop Verot HS : LHP Jon Hudson
Batting: RHB Tom Allen 0-0: Called Strike
0-1: Hit by Pitch
Batting: RHB Brody Sexton 0-0: Called Strike
0-1: Bunt - Flyout! F1
Batting: RHB Don Ulrich 0-0: Ball
1-0: Fly out, F7 (Flyball, 7S)
Batting: RHB Mike Connor 0-0: Called Strike
Tom Allen is caught stealing 2nd base
Top of the 8th over - 0 run(s), 0 hit(s), 0 error(s), 0 left on base; Randall HS 3 - Bishop Verot HS 0
BOTTOM OF THE 8TH
Bishop Verot HS batting - Pitching for Randall HS Raiders : LHP Stanley Matthews
Batting: LHB Mitch Morales 0-0: Called Strike
0-1: Ground out 3-1 (Groundball, 34S)
Batting: RHB Rafael Sánchez 0-0: Swinging Strike
0-1: Ball
1-1: Swinging Strike
1-2: Strikes out swinging
Batting: LHB Pedro Padilla 0-0: Foul Ball, location: 2F
0-1: Ball
1-1: Called Strike
1-2: Foul Ball, location: 2F
1-2: Fly out, F8 (Flyball, 8RM)
Bottom of the 8th over - 0 run(s), 0 hit(s), 0 error(s), 0 left on base; Randall HS 3 - Bishop Verot HS 0
TOP OF THE 9TH
Randall HS Raiders batting - Pitching for Bishop Verot HS : LHP Jon Hudson
Batting: RHB Mike Connor 0-0: Swinging Strike
0-1: Called Strike
0-2: Ball
1-2: Ball
2-2: Foul Ball, location: 2F
2-2: Strikes out swinging
Batting: RHB Jesús Salazar 0-0: Ball
1-0: Foul Ball, location: 2F
1-1: Called Strike
1-2: Strikes out swinging
Batting: LHB Buddy Jones 0-0: Ball
1-0: Foul Ball, location: 2F
1-1: Swinging Strike
1-2: Strikes out swinging
Top of the 9th over - 0 run(s), 0 hit(s), 0 error(s), 0 left on base; Randall HS 3 - Bishop Verot HS 0
BOTTOM OF THE 9TH
Bishop Verot HS batting - Pitching for Randall HS Raiders : LHP Stanley Matthews
Pitching: RHP Thomas Evans
Now at C: John Roberts
Batting: RHB Mike Harris 0-0: Ball
1-0: Called Strike
1-1: Ball
2-1: Swinging Strike
2-2: SINGLE (Groundball, 56S) (infield hit)
Batting: LHB Mike MacNamara 0-0: Ball
1-0: Called Strike
1-1: Fielders Choice at 2nd, 4-6 (Groundball, 34)
Batting: RHB Frank Rangel 0-0: Called Strike
0-1: Swinging Strike
0-2: Fly out, F9 (Flyball, 89S)
Batting: RHB Brian Bailey 0-0: Fielders Choice at 2nd, 6-4 (Groundball, 6)
Bottom of the 9th over - 0 run(s), 1 hit(s), 0 error(s), 0 left on base; Randall HS 3 - Bishop Verot HS 0
Tuesday, August 8th, 2017 - OOTP Baseball 17.12 Build 75